AoeStats
← Mohammad Shah

Arabia

510387669Analyzed
1v1 RM · 18h ago on Sep 30, 2026· 54m 38s· 2 players
Game mode
Random Map
Map size
Tiny (2 player)
Population
200
Speed
Normal
Resources
Standard
Victory
Conquest
Starting age
Dark Age
Ending age
Imperial Age
RankedLock teamsTeams togetherTeam positionsShared explorationLock speedFull tech treeHidden civsTurbo modeCheats
Victory
Defeat
🇨🇦 Magyars · Canada
643
+15
🇺🇸 Maya · United States
631
-15
Cabito town
0:29 Loom
10:04 Feudal Age
11:20 Wheelbarrow
12:55 Double-Bit Axe
20:06 Castle Age
18:55 Fletching
19:16 Forging
20:30 Horse Collar
21:06 Bow Saw
21:35 Heavy Plow
23:11 Squires
26:13 Crossbowman
29:10 Padded Archer Armor
32:35 Eagle Warrior
33:34 Arson
36:41 Iron Casting
36:24 Scale Mail Armor
36:35 Pikeman
37:03 Town Watch
40:01 Ballistics
40:15 Chain Mail Armor
40:33 Bodkin Arrow
40:54 Leather Archer Armor
44:12 Hand Cart
46:05 Thumb Ring
47:11 Leather Archer Armor
52:31 Murder Holes
56:17 Imperial Age
Mohammad Shah
0:42 Loom
10:59 Feudal Age
18:45 Double-Bit Axe
18:47 Horse Collar
23:00 Castle Age
21:05 Gold Mining
21:49 Bloodlines
22:09 Scale Barding Armor
22:42 Stone Mining
22:41 Town Watch
23:17 Scale Mail Armor
23:16 Light Cavalry
25:20 Wheelbarrow
25:54 Husbandry
26:17 Chain Barding Armor
25:24 Elite Skirmisher
30:06 Chain Mail Armor
30:59 Gold Shaft Mining
35:17 Heavy Plow
36:34 Man-at-Arms
37:00 Arson
40:00 Imperial Age
38:18 Corvinian Army
38:26 Fletching
38:37 Padded Archer Armor
39:13 Hand Cart
38:59 Town Patrol
39:41 Long Swordsman
39:41 Pikeman
44:37 Conscription
43:47 Cavalier
45:42 Plate Barding Armor
45:18 Thumb Ring
44:45 Two-Handed Swordsman
47:20 Hussar
47:44 Elite Magyar Huszar
48:01 Paladin
49:24 Hoardings
Connection lost

Rejoining the realm…

Still unreachable

The connection could not be restored.

Session expired

The server has moved on; the page needs a fresh start.